 Dungeon Crawl Stone Soup version 0.26.0-10-g1f06aea511 (webtiles) character file.

Game seed: 6450487157118344157

81638 pkoi the Grappler (level 15, -2/139 HPs)
             Began as a Minotaur Fighter on Jan 13, 2021.
             Was a High Priest of Okawaru.
             Killed by angry trees
             ... awakened by a spriggan druid
              (6 damage)
             ... on level 1 of the Swamp.
             The game lasted 00:30:18 (26502 turns).

pkoi the Grappler (Minotaur Fighter)               Turns: 26502, Time: 00:30:19

Health: -2/139     AC: 17    Str: 36 (38) XL:     15   Next: 27%
Magic:  20/20      EV:  8    Int:  6 (7)  God:    Okawaru [*****.]
Gold:   1073       SH: 25    Dex: 17 (18) Spells: 14/14 levels left

rFire    + . .     SeeInvis +     - Unarmed
rCold    + + .     Faith    .   N - +2 tower shield {rC+ rF+}
rNeg     . . .     Spirit   .   P - +3 scale mail {rPois}
rPois    +         Reflect  .   z - +1 hat {SInv}
rElec    +         Harm     .   H - scarf {shadows}
rCorr    .         Rampage  .   O - +0 pair of gloves
Will     +....                  w - +0 pair of boots
Stlth    ..........             X - amulet "Tep Pawn" {RegenMP rC+ Str+4 Dex+3}
HPRegen  0.33/turn              o - +6 ring of dexterity
MPRegen  0.42/turn              e - ring of Poeggar {*Slow rElec Str+6 Int+2}

@: no status effects
A: retaliatory headbutt, horns 2, deterioration 1
a: Renounce Religion, Heroism, Finesse


You were on level 1 of the Swamp.
You worshipped Okawaru.
Okawaru was extremely pleased with you.
You visited 4 branches of the dungeon, and saw 23 of its levels.

You collected 2057 gold pieces.
You spent 984 gold pieces at shops.

Inventory:

Missiles
 n - 42 boomerangs (quivered)
 p - 93 poisoned darts
 G - 10 silver javelins
 L - 6 javelins
Armour
 w - a +0 pair of boots (worn)
 z - a +1 hat of see invisible (worn)
 H - a scarf of shadows (worn)
 N - a +2 tower shield of resistance (worn)
 O - a +0 pair of gloves (worn)
 P - a +3 scale mail of poison resistance (worn)
Jewellery
 e - the ring of Poeggar (right hand) {*Slow rElec Str+6 Int+2}
   (You took it off an orc wizard on level 5 of the Dungeon)

   [ring of strength]

   It affects your strength (+6).
   It affects your intelligence (+2).
   It insulates you from electricity.
   It may slow you when you take damage.
 o - a +6 ring of dexterity (left hand)
 r - an uncursed ring of magical power
 y - an uncursed ring of poison resistance
 A - an uncursed ring of see invisible
 R - a +4 ring of protection
 S - an uncursed ring of willpower
 U - an uncursed ring of resist corrosion
 W - an uncursed ring of protection from fire
 X - the amulet "Tep Pawn" (around neck) {RegenMP rC+ Str+4 Dex+3}
   (You acquired it on level 14 of the Dungeon)

   [amulet of magic regeneration]

   It increases your magic regeneration.
   It affects your strength (+4).
   It affects your dexterity (+3).
   It protects you from cold.
Wands
 m - a wand of flame (14)
 s - a wand of paralysis (6)
 v - a wand of disintegration (9)
 B - a wand of digging (8)
 J - a wand of iceblast (9)
 K - a wand of acid (12)
Scrolls
 a - 3 scrolls of magic mapping
 b - 4 scrolls of fog
 g - 10 scrolls of remove curse
 h - 3 scrolls of enchant armour
 i - a scroll of amnesia
 j - 3 scrolls of identify
 u - a scroll of summoning
 x - 4 scrolls of enchant weapon
 D - 8 scrolls of teleportation
 F - 2 scrolls of blinking
 V - 2 scrolls of fear
Potions
 c - 2 potions of might
 d - 5 potions of brilliance
 f - a potion of lignification
 k - 3 potions of magic
 l - 15 potions of curing
 q - 5 potions of heal wounds
 C - 2 potions of haste
 E - 4 potions of cancellation
 I - a potion of resistance
 M - 10 potions of ambrosia
 Q - a potion of mutation


   Skills:
 + Level 14.5 Fighting
 - Level 8.0 Throwing
 + Level 14.4 Armour
 + Level 14.5 Shields
 + Level 14.9 Unarmed Combat
 - Level 8.0 Invocations


You had 14 spell levels left.
You didn't know any spells.
Your spell library contained the following spells:

 Spells                   Type           Power        Failure   Level
 Animate Skeleton         Necr           0%           96%         1
 Pain                     Necr           0%           96%         1
 Poisonous Vapours        Pois/Air       0%           99%         2
 Conjure Flame            Conj/Fire      0%           100%        3
 Mephitic Cloud           Conj/Pois/Air  0%           100%        3
 Vampiric Draining        Necr           0%           100%        3
 Animate Dead             Necr           0%           100%        4
 Agony                    Necr           0%           100%        5
 Freezing Cloud           Conj/Ice/Air   0%           100%        6


Dungeon Overview and Level Annotations

Branches:
Dungeon (15/15)            Temple (1/1) D:4            Lair (6/6) D:9
  Swamp (1/4) Lair:2       Spider (0/4) Lair:2          Orc (0/2) D:11
 Vaults (0/5) D:14
  Slime: Lair:5-6    Depths: D:15

Altars:
Ashenzari
Cheibriados
Dithmenos
Elyvilon
Fedhas
Gozag
Hepliaklqana
Kikubaaqudgha
Makhleb
Nemelex Xobeh
Okawaru
Qazlal
Ru
Sif Muna
Trog
Uskayaw
Vehumet
Wu Jian
Xom
Yredelemnul
Zin
The Shining One

Shops:
D:10 :   D:11 [   D:14 ?

Portals:
Trove: D:10 (give horn of Geryon)

Annotations:
D:4 Sigmund


Innate Abilities, Weirdness & Mutations

You reflexively headbutt those who attack you in melee.
You have a pair of horns on your head.
Your body sometimes deteriorates upon taking damage.


Message History

* * * LOW HITPOINT WARNING * * *
You feel roots moving beneath the ground.
A root smacks you from below!
* * * LOW HITPOINT WARNING * * *
The spriggan hits you but does no damage.
Unknown command.
Branches wave dangerously above you. Tree limbs sway around you.
Tree limbs sway around you. You block the hornet's attack.
You block the goliath frog's attack. You block the hornet's attack.
You block the spriggan's attack.
You are hit by a branch!
* * * LOW HITPOINT WARNING * * *
The hornet stings you but does no damage.
You block the goliath frog's attack.
There is a staircase back to the Lair here.
A root smacks you from below.
You die...

♣♣.≈.♣ ♣≈...♣♣ ♣♣♣♣
≈♣♣♣....≈♣♣♣≈≈♣♣ ..
.....≈≈≈....@..♣♣≈≈≈
≈≈≈.≈≈≈≈≈.≈≈y≈≈..≈≈≈
≈≈≈≈≈≈≈≈≈.iFi)≈..≈§≈
≈≈≈≈≈.....≈.i...≈≈≈≈
♣.....≈≈≈...≈≈.≈≈≈≈
♣♣≈...≈≈R..≈≈≈..≈≈≈
♣♣♣..≈≈....≈≈.♣..≈
♣....≈♣♣..≈♣≈...
♣♣[..♣♣♣♣♣♣♣♣...


You could see an eleionoma, a spriggan rider, a spriggan druid, a goliath frog,
a hornet and a spriggan.

Vanquished Creatures
  Gastronok (Lair:1)
  Kirke (Lair:5)
  A bunyip (shapeshifter) (D:14)
  The ghost of Darubir the Archer, a journeyman CeAM of Okawaru (Lair:5)
  6 hydras
  An ice dragon (Lair:6)
  A vault guard (D:10)
  2 death knights
  2 boulder beetles
  2 catoblepae
  An ogre mage (D:15)
  5 centaur warriors
  An alligator (Lair:5)
  6 two-headed ogres
  Nergalle (Lair:4)
  A tengu warrior (D:13)
  A skeletal warrior (D:12)
  5 unseen horrors
  A lindwurm (Lair:6)
  A swamp dragon (Lair:5)
  3 harpies (D:12)
  3 manticores
  7 ugly things
  A necromancer (Lair:6)
  An oklob plant (Lair:5)
  A will-o-the-wisp (Swamp:1)
  An ice statue (D:13)
  2 black mambas (Lair:5)
  An elephant (D:9)
  5 torpor snails (Lair:6)
  11 cane toads
  3 gargoyles
  7 komodo dragons
  A tengu conjurer (D:13)
  3 rime drakes
  A freezing wraith (D:12)
  A kobold demonologist (D:11)
  3 meliai
  A troll (D:12)
  A queen bee (D:13)
  A merfolk (shapeshifter) (D:14)
  12 hornets
  A polar bear (Lair:5)
  6 slime creatures (D:13)
  5 tyrant leeches
  13 dream sheep (Lair:5)
  8 blink frogs
  73 yaks
  A wyvern (shapeshifter) (D:13)
  2 spriggans (Swamp:1)
  3 wraiths
  A water elemental (D:11)
  A redback (Lair:2)
  3 hogs (Lair:6)
  4 wyverns
  4 vampire mosquitoes (Lair:5)
  9 basilisks
  Menkaure (D:7)
  2 acid dragons
  3 swamp worms (Lair:5)
  A soldier ant (shapeshifter) (D:14)
  15 water moccasins
  A sky beast (shapeshifter) (D:14)
  A swamp drake (Lair:5)
  2 black bears
  4 orc warriors
  3 phantoms
  5 sky beasts
  4 ice beasts
  2 necrophages
  An eye of draining (D:11)
  13 wolves
  8 ogres
  9 centaurs
  Blork the orc (D:6)
  A big kobold (D:10)
  23 bullfrogs
  4 scorpions
  10 wights
  24 killer bees
  5 howler monkeys
  6 electric eels
  9 hounds
  4 jellies
  A quasit (D:9)
  4 centaur zombies
  A gnoll shaman (D:6)
  2 bullfrog zombies
  5 orc priests
  2 centaur skeletons
  2 bullfrog skeletons
  5 orc wizards
  5 iguanas
  6 worker ants
  Ijyb (D:4)
  2 yak simulacra (Lair:6)
  3 polar bear simulacra (Lair:6)
  4 wolf simulacra (Lair:6)
  A hound skeleton (D:4)
  A worker ant zombie (D:11)
  4 gnolls (D:6)
  18 adders
  2 shadow imps
  3 white imps
  3 ufetubi (D:5)
  7 worms
  3 adder skeletons
  12 leopard geckos
  31 orcs
  A ball python (D:4)
  11 bats
  8 giant cockroaches
  4 goblins (D:1)
  8 hobgoblins
  10 jackals
  4 quokkas
  3 frilled lizards
  18 kobolds
  A quokka zombie (D:6)
  17 rats
  2 river rat simulacra (Lair:6)
622 creatures vanquished.

Vanquished Creatures (others)
  4 foxfires (Swamp:1)
  40 fungi
  44 plants
  A withered plant (D:12)
89 creatures vanquished.

Grand Total: 711 creatures vanquished

Notes
Turn   | Place    | Note
-------+----------+-------------------------------------------
     0 | D:1      | pkoi the Minotaur Fighter began the quest for the Orb.
     0 | D:1      | Reached XP level 1. HP: 19/19 MP: 0/0
   106 | D:1      | Reached XP level 2. HP: 22/26 MP: 1/1
   841 | D:1      | Found a shimmering altar of Xom.
   844 | D:1      | Found a shimmering altar of Xom.
   844 | D:1      | Found a sparkling altar of Nemelex Xobeh.
   850 | D:1      | Reached XP level 3. HP: 31/31 MP: 2/2
   855 | D:1      | Found a radiant altar of Vehumet.
   855 | D:1      | Found a shimmering blue altar of Sif Muna.
   855 | D:1      | Found an opulent altar of Gozag.
  1134 | D:2      | Found a bloodstained altar of Trog.
  1554 | D:2      | Reached XP level 4. HP: 39/39 MP: 3/3
  1563 | D:2      | Reached skill level 5 in Unarmed Combat
  2173 | D:3      | Found a white marble altar of Elyvilon.
  2308 | D:3      | Reached XP level 5. HP: 44/45 MP: 4/4
  2753 | D:4      | Noticed Sigmund
  2824 | D:4      | Noticed Ijyb
  2834 | D:4      | Killed Ijyb
  3212 | D:4      | Reached XP level 6. HP: 16/51 MP: 5/5
  3996 | D:4      | Found a snail-covered altar of Cheibriados.
  4053 | D:4      | Found a staircase to the Ecumenical Temple.
  4067 | Temple   | Entered the Ecumenical Temple
  4294 | Temple   | Became a worshipper of Warmaster Okawaru
  4463 | D:4      | Reached XP level 7. HP: 43/58 MP: 6/6
  4829 | D:5      | Entered Level 5 of the Dungeon
  4933 | D:5      | Reached skill level 1 in Invocations
  4961 | D:5      | Identified the ring of Poeggar {*Slow rElec Str+6 Int+2}
  4964 | D:5      | Reached * piety under Okawaru
  5453 | D:5      | Found a blossoming altar of Fedhas.
  5492 | D:5      | Reached XP level 8. HP: 67/67 MP: 8/8
  6290 | D:6      | Reached skill level 5 in Armour
  6331 | D:6      | Reached skill level 5 in Shields
  6343 | D:6      | Reached skill level 5 in Fighting
  6561 | D:6      | Reached ** piety under Okawaru
  6635 | D:6      | Reached skill level 1 in Throwing
  6728 | D:6      | Noticed Blork the orc
  6746 | D:6      | Killed Blork the orc
  6940 | D:6      | Found a basalt altar of Yredelemnul.
  7465 | D:7      | Reached XP level 9. HP: 75/75 MP: 10/10
  7962 | D:7      | Noticed Menkaure
  7971 | D:7      | Killed Menkaure
  8318 | D:8      | Reached *** piety under Okawaru
  8510 | D:8      | Found a glowing golden altar of the Shining One.
  8510 | D:8      | Found a shadowy altar of Dithmenos.
  8523 | D:8      | Found a sacrificial altar of Ru.
  8808 | D:8      | Identified a scroll of acquirement
  8808 | D:8      | Acquired a +0 hat
  9376 | D:9      | Noticed an elephant
  9399 | D:9      | Killed an elephant
  9400 | D:9      | Reached skill level 5 in Invocations
  9403 | D:9      | Reached skill level 10 in Unarmed Combat
  9403 | D:9      | Reached XP level 10. HP: 60/86 MP: 10/12
  9517 | D:9      | Found a staircase to the Lair.
  9607 | D:9      | Reached **** piety under Okawaru
  9612 | D:9      | Received a gift from Okawaru
 10144 | D:10     | Entered Level 10 of the Dungeon
 10146 | D:10     | Found Rosmate's Book Shop.
 10212 | Lair:1   | Entered Level 1 of the Lair of Beasts
 10218 | Lair:1   | Noticed a cane toad
 10224 | Lair:1   | Killed a cane toad
 10362 | Lair:1   | Noticed Gastronok
 10393 | Lair:1   | Killed Gastronok
 10393 | Lair:1   | Received a gift from Okawaru
 10394 | Lair:1   | Reached skill level 5 in Throwing
 10524 | Lair:1   | Reached ***** piety under Okawaru
 10604 | Lair:1   | Reached XP level 11. HP: 89/95 MP: 14/14
 10936 | Lair:1   | You fall into a shaft and drop 1 floor!
 10955 | Lair:2   | Found a hole to the Spider Nest.
 11201 | Lair:2   | Received a gift from Okawaru
 11285 | Lair:2   | Found a staircase to the Swamp.
 11870 | Lair:2   | Received a gift from Okawaru
 12064 | Lair:2   | Received a gift from Okawaru
 12932 | Lair:3   | Noticed a six-headed hydra
 12940 | Lair:3   | Killed a six-headed hydra
 12940 | Lair:3   | Received a gift from Okawaru
 13094 | Lair:3   | Noticed an eight-headed hydra
 13101 | Lair:3   | Killed an eight-headed hydra
 13156 | Lair:3   | Received a gift from Okawaru
 13205 | Lair:3   | Noticed an eight-headed hydra
 13212 | Lair:3   | Killed an eight-headed hydra
 13213 | Lair:3   | Reached XP level 12. HP: 74/106 MP: 13/16
 13636 | Lair:3   | Reached skill level 10 in Shields
 13932 | Lair:4   | You fall into a shaft and drop 2 floors!
 13932 | Lair:6   | Entered Level 6 of the Lair of Beasts
 13943 | Lair:6   | Reached skill level 10 in Fighting
 13943 | Lair:6   | Reached skill level 10 in Armour
 13970 | Lair:6   | Found a runed translucent door.
 13978 | Lair:6   | Noticed an ice dragon
 15045 | Lair:5   | Noticed Kirke
 15057 | Lair:6   | Received a gift from Okawaru
 15083 | Lair:5   | Killed Kirke
 15351 | Lair:4   | Received a gift from Okawaru
 15354 | Lair:4   | Reached XP level 13. HP: 116/116 MP: 18/18
 16167 | Lair:4   | Noticed Nergalle
 16179 | Lair:4   | Killed Nergalle
 16544 | Lair:5   | Found a runed translucent door.
 17849 | Lair:5   | Received a gift from Okawaru
 18868 | Lair:5   | Noticed Darubir's ghost (journeyman CeAM)
 19069 | Lair:5   | Killed Darubir's ghost
 19560 | D:10     | Reached ****** piety under Okawaru
 19560 | D:10     | Received a gift from Okawaru
 19795 | D:10     | Reached XP level 14. HP: 127/127 MP: 19/19
 20252 | D:10     | Found a portal to a secret trove of treasure.
 20569 | D:11     | Received a gift from Okawaru
 21311 | D:11     | Found Loinoc's Armour Emporium.
 21311 | D:11     | Found a staircase to the Orcish Mines.
 22209 | D:12     | Received a gift from Okawaru
 22954 | D:13     | Received a gift from Okawaru
 23485 | D:13     | Found a radiant altar of Vehumet.
 23917 | D:14     | Received a gift from Okawaru
 24251 | D:14     | Received a gift from Okawaru
 24919 | D:14     | Found a gate to the Vaults.
 24922 | D:14     | Found Xudwevon's Magic Scroll Boutique.
 24939 | D:14     | Bought a scroll of summoning for 152 gold pieces
 24939 | D:14     | Bought a scroll of acquirement for 832 gold pieces
 24939 | D:14     | Acquired the amulet "Tep Pawn" {RegenMP rC+ Str+4 Dex+3}
 24977 | D:14     | Gained mutation: Your body sometimes deteriorates upon
                  | taking damage. [a shining eye]
 25084 | D:14     | Reached XP level 15. HP: 131/138 MP: 20/20
 25501 | D:15     | Entered Level 15 of the Dungeon
 26247 | Swamp:1  | Entered Level 1 of the Swamp
 26501 | Swamp:1  | HP: 3/139 [spriggan druid/angry trees (8)]
 26502 | Swamp:1  | Killed from afar by a spriggan druid

Illustrated notes

Levels and vault maps discovered:
D:1:      dpeg_arrival_ratfight, layout_loops_ring, doesnt_xom_only_xom
D:2:      layout_loops_ring, nicolae_overflow_hidden_temple,
          hangedman_decor_growths, minmay_increasing_density
D:3:      layout_basic, elyvilon_altar_1
D:4:      layout_layer_cave, general_overflow_altar,
          minmay_temple_entry_large_hall, uniq_ijyb, uniq_sigmund
D:5:      layout_basic, fedhas_ov_isle_minmay, minmay_misc_feat_pillars
D:6:      layout_basic, kennysheep_mini, chequers_decorated_corner,
          grunt_ministairs_3, kennysheep_generic_room_7, uniq_blork_the_orc
D:7:      layout_rooms, uniq_menkaure
D:8:      layout_basic, gammafunk_temple_overflow_forgotten,
          hangedman_decor_diamond_cutter
D:9:      layout_basic, david_lair_generic
D:10:     minmay_general_purpose_star, layout_basic, enter_trove_5,
          serial_shops, shop_fountains, lemuel_flamethrower_1
D:11:     layout_basic, orc_david_3
D:12:     layout_loops_ring, argonaut_gorgonesque
D:13:     layout_cave_pools, special_room [special_room_bee], basic_altar,
          minivault_16
D:14:     layout_long_grid, david_vaults_2, serial_shops, shop_scrolls
D:15:     grunt_enter_depths_magical_seal, layout_basic,
          chequers_serial_rivers_micro_e, item_on_display_b
Temple:   nicolae_temple_figure_eight
Lair:1:   layout_cave_pods, serial_bayou_shore_a, serial_bayou_shore_b,
          uniq_gastronok
Lair:2:   layout_cave_pods, swamp_mist, spider_nest_entry_rubble,
          serial_bayou_pond_b
Lair:3:   layout_cave_pods, grunt_megastairs_2, lemuel_fruit_tree
Lair:4:   layout_regular_city, lemuel_fruit_fields, lemuel_fruit_fields,
          grunt_megastairs_4, uniq_nergalle
Lair:5:   onia_ninara_swampy_vault, layout_misc_corridors,
          ebering_ghost_reflecting_pool, uniq_kirke
Lair:6:   hangedman_lair_in_review, layout_big_grid, wormcave, slime_dummy,
          eino_house_with_fridge
Swamp:1:  layout_basic_swamp, evilmike_swamp_ruin_house_5, swamp_pool3,
          cheibrodos_swamp_pet_leeches

Skill      XL: |  1  2  3  4  5  6  7  8  9 10 11 12 13 14 |
---------------+-------------------------------------------+-----
Unarmed Combat | 3 4 5 7 8 9 10 11 12 13 14 | 14.9
Fighting       | 4 6 7 8 9 11 12 14 | 14.5
Armour         | 4 6 7 8 9 11 12 14 | 14.4
Shields        | 4 6 7 8 9 11 12 14 | 14.5
Invocations    | 2 3 5 6 7 8 |  8.0
Throwing       | 2 4 5 6 8 |  8.0

Action                   |  1- 3 |  4- 6 |  7- 9 | 10-12 | 13-15 || total
-------------------------+-------+-------+-------+-------+-------++-------
Melee: Unarmed           |   147 |   165 |   347 |   558 |   959 ||  2176
       Headbutt          |    21 |    21 |    73 |   129 |   329 ||   573
Throw: Boomerang         |       |       |       |       |     1 ||     1
Invok: Heroism           |       |       |     4 |    13 |    20 ||    37
       Finesse           |       |       |       |     2 |     1 ||     3
  Use: Scroll            |       |     2 |    16 |     2 |     7 ||    27
       Potion            |       |       |       |       |     3 ||     3
Armor: Scale mail        |    51 |    50 |    35 |       |   241 ||   377
       Chain mail        |       |       |    77 |   149 |    18 ||   244
Dodge: Dodged            |    40 |    27 |    69 |    89 |   132 ||   357
Block: Kite shield       |    76 |    73 |   187 |   207 |       ||   543
       Tower shield      |       |       |       |   321 |   908 ||  1229
       Reflection        |       |       |       |     1 |    24 ||    25
